 Dungeon Crawl Stone Soup version 0.22-a0-147-gfdd7f25 (webtiles) character file.

1041 4thArraOfDagon the Slicer (level 8, -3/39 HPs)
             Began as a Spriggan Air Elementalist on Feb 6, 2018.
             Was a Believer of Fedhas.
             Killed by divine providence
             ... invoked by an orc priest
              (16 damage)
             ... on level 6 of the Dungeon.
             The game lasted 00:16:53 (3177 turns).

4thArraOfDagon the Slicer (SpAE)                    Turns: 3177, Time: 00:16:54

Health: -3/39      AC:  4    Str:  4      XL:     8   Next: 4%
Magic:  13/13      EV: 21    Int: 18      God:    Fedhas [**....]
Gold:   239        SH:  0    Dex: 16 (17) Spells: 7/12 levels left

rFire    + . .     SeeInvis +   e - +2 dagger (venom)
rCold    . . .     Gourm    .   (shield restricted)
rNeg     . . .     Faith    .   a - +0 robe
rPois    .         Spirit   .   (helmet restricted)
rElec    .         Reflect  .   q - +1 cloak
rCorr    .         Harm     .   (gloves unavailable)
MR       +....                  (boots unavailable)
Stlth    +++.......             (no amulet)
HPRegen  0.13/turn              u - ring of protection from fire
MPRegen  0.13/turn              (no ring)

@: very quick
A: very small, unfitting armour, see invisible, herbivore, speed 3, slow
metabolism 2
a: Fungal Bloom, Evolution, Sunlight, Renounce Religion


You were on level 6 of the Dungeon.
You worshipped Fedhas.
Fedhas was pleased with you.
You were very hungry.

You visited 1 branch of the dungeon, and saw 7 of its levels.

You collected 239 gold pieces.

Inventory:

Hand Weapons
 d - a +1 short sword
 e - a +2 dagger of venom (weapon)
 p - a +2 dagger of holy wrath
Missiles
 h - 23 poisoned needles
Armour
 a - a +0 robe (worn)
 g - a +0 cloak
 m - a scarf of spirit shield
 q - a +1 cloak (worn)
Jewellery
 u - a ring of protection from fire (left hand)
Wands
 s - a wand of digging (4)
Scrolls
 f - 4 scrolls of teleportation
 i - a scroll of amnesia {unknown}
 j - a scroll of remove curse
 k - a scroll of blinking
 l - a scroll of immolation
 o - a scroll of enchant armour {unknown}
 t - a scroll of enchant weapon
Potions
 n - 4 potions of might
 r - a potion of haste
 v - a potion of invisibility {unknown}
 w - a potion of curing
Books
 b - a book of Air

   Spells                             Type                      Level
   a - Shock                          Conjuration/Air              1
   b - Swiftness                      Charms/Air                   2
   c - Static Discharge               Conjuration/Air              3
   d - Airstrike                      Air                          4
   e - Lightning Bolt                 Conjuration/Air              5
Comestibles
 c - 12 rations


   Skills:
 + Level 2.4 Fighting
 * Level 8.0 Short Blades
 + Level 5.5 Dodging
 + Level 5.9 Stealth
 - Level 2.6 Spellcasting
 - Level 0.6 Conjurations
 - Level 2.6 Air Magic


You had 7 spell levels left.
You knew the following spells:

 Your Spells              Type           Power        Failure   Level  Hunger
a - Shock                 Conj/Air       #...         9%          1    #......
b - Airstrike             Air            ##........   50%         4    #####..


Dungeon Overview and Level Annotations

Branches:
Dungeon (7/15)             Temple (0/1) D:7

Altars:
Ashenzari
Elyvilon
Fedhas
Nemelex Xobeh
Qazlal
Ru
Trog
Wu Jian
Xom
Yredelemnul
Zin

Annotations:
D:5 Dowan
D:6 KristoblXynda's ghost, novice NaGl


Innate Abilities, Weirdness & Mutations

You are very small and have problems with some larger weapons.
You are too small for most types of armour.
You have supernaturally acute eyesight. (SInv)
You are a herbivore.
You cover ground extremely quickly.
You need consume almost no food.


Message History

The leopard gecko barely misses you.
You hit the leopard gecko but do no damage.
The leopard gecko looks as sick as possible!
The leopard gecko is heavily wounded.
You closely miss the leopard gecko.
The leopard gecko is heavily wounded.
You kill the leopard gecko!
You see here a leopard gecko corpse.
A toadstool grows at your feet.
A toadstool grows from a nearby corpse.
Fedhas appreciates your contribution to the ecosystem.
There is a stone staircase leading up here.
You climb upwards.
Level annotation: KristoblXynda's ghost, novice NaGl The orc priest shouts!
The orc wizard shouts!
The orc priest shouts!
You hear a shout!
The orc priest misses you.
The orc priest mumbles some strange prayers to Beogh against you.
Beogh smites you!
You die...
Fedhas appreciates your contribution to the ecosystem.

.[.. o...o ...
. #.a.# ... ..
#...# o. ..
#...# # .# .#
#...#
.##o##.###..#
#...#
......o...#.#
#...#####
#....@....#
..a.....#
#########.#
#..##.#.#
h.....#.######
#..#.........#
......#.####.#
...####.# #.#
##... ..# #.#
...###### #.#


You could see 2 orc priests and an orc wizard.

Vanquished Creatures
  Duvessa (D:5)
  A black bear (D:7)
  An ogre (D:4)
  A centaur (D:6)
  A big kobold (D:7)
  A bullfrog (D:7)
  3 hounds
  A quasit (D:7)
  Crazy Yiuf (D:7)
  A bullfrog skeleton (D:4)
  A centaur skeleton (D:4)
  Ijyb (D:4)
  3 worker ants
  A howler monkey skeleton (D:4)
  5 adders
  An ooze (D:3)
  4 adder skeletons
  2 worms
  A dart slug (D:2)
  2 leopard geckos
  7 orcs
  5 giant cockroaches
  7 goblins
  5 hobgoblins
  10 kobolds
  A quokka (D:2)
  A ball python (D:3)
  5 bats
  6 frilled lizards
  8 rats
88 creatures vanquished.

Vanquished Creatures (collateral kills)
  Grinder (D:3)
  3 adders (D:3)
  A frilled lizard (D:3)
  2 rats (D:3)
7 creatures vanquished.

Vanquished Creatures (others)
  40 toadstools
40 creatures vanquished.

Grand Total: 135 creatures vanquished

Notes
Turn   | Place    | Note
-------+----------+-------------------------------------------
     0 | D:1      | 4thArraOfDagon the Spriggan Air Elementalist began the quest for the Orb.
     0 | D:1      | Reached XP level 1. HP: 9/9 MP: 5/5
    42 | D:2      | Found a blossoming altar of Fedhas.
    70 | D:2      | Became a worshipper of Fedhas Madash
    91 | D:2      | Reached skill level 1 in Short Blades
   129 | D:2      | Reached XP level 2. HP: 8/13 MP: 4/6
   140 | D:2      | Reached skill level 2 in Short Blades
   601 | D:2      | Found a white marble altar of Elyvilon.
   656 | D:2      | Reached skill level 3 in Short Blades
   679 | D:2      | Reached XP level 3. HP: 10/16 MP: 5/8
   766 | D:2      | Found a shattered altar of Ashenzari.
   877 | D:2      | Reached * piety under Fedhas
  1040 | D:2      | Found a sparkling altar of Nemelex Xobeh.
  1045 | D:2      | Found a basalt altar of Yredelemnul.
  1046 | D:2      | Found a sacrificial altar of Ru.
  1049 | D:2      | Reached skill level 4 in Short Blades
  1136 | D:3      | Reached XP level 4. HP: 17/21 MP: 9/9
  1153 | D:3      | Noticed Grinder
  1162 | D:3      | Paralysed by Grinder for 3 turns
  1189 | D:3      | Paralysed by Grinder for 6 turns
  1194 | D:3      | Killed Grinder
  1194 | D:3      | Reached skill level 5 in Short Blades
  1194 | D:3      | Reached XP level 5. HP: 14/24 MP: 10/10
  1449 | D:3      | Found a shimmering altar of Xom.
  1472 | D:3      | Noticed an angel
  1483 | D:3      | Found a glowing silver altar of Zin.
  1547 | D:3      | Reached ** piety under Fedhas
  1652 | D:4      | Found a bloodstained altar of Trog.
  1721 | D:4      | Reached skill level 6 in Short Blades
  1738 | D:4      | Noticed Ijyb
  1776 | D:4      | Killed Ijyb
  1880 | D:4      | Reached XP level 6. HP: 29/29 MP: 8/11
  2091 | D:4      | Reached skill level 1 in Fighting
  2129 | D:5      | Entered Level 5 of the Dungeon
  2131 | D:5      | Noticed a troll
  2158 | D:5      | Noticed Duvessa
  2158 | D:5      | Noticed Dowan
  2209 | D:4      | You fall through a shaft!
  2213 | D:5      | Found a stormy altar of Qazlal.
  2312 | D:5      | Killed Duvessa
  2312 | D:5      | Reached skill level 7 in Short Blades
  2312 | D:5      | Reached XP level 7. HP: 15/33 MP: 9/12
  2381 | D:6      | Learned a level 4 spell: Airstrike
  2392 | D:6      | Reached skill level 5 in Stealth
  2551 | D:7      | Noticed a hippogriff
  2591 | D:7      | Found a runed door.
  2595 | D:7      | Noticed Crazy Yiuf
  2599 | D:7      | Killed Crazy Yiuf
  2652 | D:7      | Found an ornate altar of the Wu Jian Council.
  2748 | D:7      | Reached skill level 5 in Dodging
  2827 | D:6      | Noticed KristoblXynda's ghost (novice NaGl)
  3079 | D:7      | Reached skill level 8 in Short Blades
  3079 | D:7      | Reached XP level 8. HP: 11/39 MP: 5/13
  3124 | D:7      | Found a staircase to the Ecumenical Temple.
  3177 | D:6      | Killed from afar by an orc priest

Vault maps used:
D:1:      shiori_shiawase
D:2:      elyvilon_altar_5, ashenzari_conservatory_becter,
          overflow_temple_1_default, gammafunk_temple_overflow_statue,
          serial_bayou_pond_d, fedhas_altar_3
D:3:      cheibrodos_old_hovel, grunt_temple_overflow_order_and_chaos_1,
          uniq_grinder
D:4:      kennysheep_little_box, first_ration, uniq_ijyb
D:5:      cheibrodos_quashed, grunt_qazlal_sundering, uniq_duvessa
D:7:      kennysheep_mini_moat, minmay_temple_entry_overgrown, grunt_livestock,
          uniq_crazy_yiuf_cottage

Skill      XL: |  1  2  3  4  5  6  7 |
---------------+----------------------+-----
Short Blades   | 1 3 4 5 6 7 8 |  8.0
Fighting       | 1 2 |  2.4
Stealth        | 4 5 |  5.9
Dodging        | 4 5 |  5.5
Spellcasting   | |  2.6
Conjurations   | |  0.6
Air Magic      | |  2.6

Action                   |  1- 3 |  4- 6 |  7- 9 || total
-------------------------+-------+-------+-------++-------
Melee: Short sword       |    91 |    40 |       ||   131
       Dagger            |       |    59 |    78 ||   137
 Cast: Shock             |    38 |    39 |    20 ||    97
       Airstrike         |       |       |     3 ||     3
Invok: Fungal Bloom      |     5 |     6 |     5 ||    16
       Evolution         |       |     1 |       ||     1
Evoke: Wand              |       |     1 |       ||     1
  Use: Scroll            |       |     8 |       ||     8
       Potion            |       |     2 |     4 ||     6
 Stab: Sleeping          |     8 |     4 |     3 ||    15
Armor: Robe              |    12 |     8 |    10 ||    30
Dodge: Dodged            |    66 |    65 |    66 ||   197

Table legend:
 A = Spawn XP
 B = Non-spawn XP
 C = Spawn XP percentage of total XP
 D = Spawn monster count
 E = Non-spawn monster count
 F = Spawn count percentage of total count
 G = Total turns spent on level
                    A         B        C        D         E        F      G
               +---------+---------+-------+---------+---------+-------+---------
         Total |       0 |    1488 |   0.0 |       0 |      95 |   0.0 |  3177
               +---------+---------+-------+---------+---------+-------+---------
           D:1 |       0 |      12 |   0.0 |       0 |       9 |   0.0 |   421
           D:2 |       0 |      79 |   0.0 |       0 |      32 |   0.0 |   696
           D:3 |       0 |     199 |   0.0 |       0 |      18 |   0.0 |   570
           D:4 |       0 |     312 |   0.0 |       0 |      14 |   0.0 |   506
           D:5 |       0 |     198 |   0.0 |       0 |       5 |   0.0 |   128
           D:6 |       0 |     233 |   0.0 |       0 |       5 |   0.0 |   244
           D:7 |       0 |     455 |   0.0 |       0 |      12 |   0.0 |   612
               +---------+---------+-------+---------+---------+-------+---------
